 Dungeon Crawl Stone Soup version 0.23-a0-650-ga4d50d4 (webtiles) character file.

80344 Amnesiac the Warrior (level 15, 0/79 HPs)
             Began as a Felid Earth Elementalist on Jan 5, 2019.
             Was the Champion of Dithmenos.
             Slain by a naga warrior
             ... wielding a +0 battleaxe
              (5 damage)
             ... on level 2 of the Snake Pit.
             The game lasted 01:51:41 (42237 turns).

Amnesiac the Warrior (Felid Earth Elementalist)    Turns: 42237, Time: 01:51:42

Health: 0/79       AC:  3    Str:  4    XL:     15   Next: 23%
Magic:  0/39       EV: 29    Int: 28    God:    Dithmenos [******]
Gold:   2272       SH:  0    Dex: 17    Spells: 5/34 levels left
                                        Lives:  0   Deaths: 2

rFire    . . .     SeeInvis +     - Unarmed
rCold    + . .     Gourm    .   (shield unavailable)
rNeg     . . .     Faith    .   (armour unavailable)
rPois    +         Spirit   +   (helmet unavailable)
rElec    .         Reflect  .   (cloak unavailable)
rCorr    .         Harm     .   (gloves unavailable)
MR       ++...                  (boots unavailable)
Stlth    ++++++++++             u - amulet of guardian spirit
HPRegen  0.23/turn              B - ring of magical power
MPRegen  0.26/turn              m - ring "Zegoufonnu" {rPois Int+5 SInv Stlth+}

@: wreathed by umbra, constricted, quick
A: very small, no armour, no weapons or thrown items, stealth, claws 1, fangs 3,
see invisible, carnivore, speed 1, shaggy fur 3, slow metabolism 1, sharp paws
a: Shadow Step, Shadow Form, Renounce Religion


You were on level 2 of the Snake Pit.
You worshipped Dithmenos.
Dithmenos was exalted by your worship.
You were completely stuffed.

You visited 7 branches of the dungeon, and saw 28 of its levels.
You also visited: Sewer, Gauntlet, Ice Cave and Volcano.

You collected 3704 gold pieces.
You spent 1432 gold pieces at shops.

Inventory:

Missiles
 v - 321 stones
Jewellery
 m - the ring "Zegoufonnu" (right paw) {rPois Int+5 SInv Stlth+}
   (You found it in a Gauntlet)

   [ring of see invisible]

   It affects your intelligence (+5).
   It protects you from poison.
   It lets you see invisible.
   It makes you more stealthy.
 p - an uncursed ring of resist corrosion
 u - an amulet of guardian spirit (around neck)
 y - an uncursed ring of fire
 B - a ring of magical power (left paw)
 C - an uncursed ring of protection from magic
 G - an uncursed ring of positive energy
 M - an uncursed ring of protection from fire
 S - an uncursed ring of protection from magic
Wands
 d - a wand of polymorph (3)
 n - a wand of digging (10)
 q - a wand of flame (109)
 z - a wand of random effects (72)
 E - a wand of enslavement (3)
 N - a wand of paralysis (20)
Scrolls
 a - 4 scrolls of blinking {!r}
 b - a scroll of silence {!r, unknown}
 e - 7 scrolls of magic mapping {!r}
 f - 12 scrolls of remove curse {!r}
 g - 19 scrolls of teleportation {!r}
 j - 8 scrolls of amnesia {!r}
 o - 7 scrolls of identify {!r}
 r - a scroll of fear {!r}
 s - a scroll of summoning {!r}
 x - 6 scrolls of fog {!r}
Potions
 h - a potion of brilliance {!q}
 i - 9 potions of curing {!q}
 k - 3 potions of ambrosia {!q}
 w - 2 potions of resistance {!q}
 A - 3 potions of flight {!q}
 D - a potion of berserk rage {!q}
 F - a potion of mutation {!q}
 H - 2 potions of might {!q}
 K - a potion of cancellation {!q}
 L - a potion of invisibility {!q, unknown}
 O - 2 potions of lignification {!q}
 P - 2 potions of haste {!q}
 T - a potion of agility {!q}
Miscellaneous
 l - a lightning rod (4/4)
 t - a phial of floods
 I - 2 phantom mirrors
 J - 3 boxes of beasts
 Q - a lamp of fire
 R - a sack of spiders
 V - a fan of gales
Comestibles
 c - 55 rations
 U - 6 chunks of flesh


   Skills:
 + Level 16.6 Fighting
 * Level 16.0 Dodging
 - Level 13.1 Stealth
 - Level 13.1 Unarmed Combat
 - Level 10.0 Spellcasting
 - Level 10.0 Transmutations
 - Level 10.0 Earth Magic


You had 5 spell levels left.
You knew the following spells:

 Your Spells              Type           Power        Failure   Level  Hunger
a - Sandblast             Erth           ######       1%          1    None
b - Passwall              Tmut/Erth      ######..     1%          2    None
c - Stone Arrow           Conj/Erth      #####.       1%          3    None
d - Lee's Rapid Deconstr  Erth           ######....   1%          5    ###....
e - Petrify               Tmut/Erth      ######..     1%          4    None
f - Sublimation of Blood  Necr           ##........   6%          2    None
g - Ice Form              Ice/Tmut       #####...     4%          4    None
s - Conjure Flame         Conj/Fire      ##......     12%         3    None
v - Blink                 Tloc           N/A          6%          2    None
w - Mephitic Cloud        Conj/Pois/Air  ##......     12%         3    None

Your spell library contained the following spells:

 Spells                   Type           Power        Failure   Level  Hunger
 Ignite Poison            Fire/Tmut/Pois ####....     3%          3    None
 Corona                   Hex            ##.....      4%          1    None
 Flame Tongue             Conj/Fire      ##...        4%          1    None
 Magic Dart               Conj           ##..         4%          1    None
 Sting                    Conj/Pois      ##..         4%          1    None
 Leda's Liquefaction      Hex/Erth       #####.....   4%          4    None
 Call Imp                 Summ           ##......     6%          2    None
 Corpse Rot               Necr           N/A          6%          2    None
 Ensorcelled Hibernation  Hex/Ice        ##....       6%          2    None
 Slow                     Hex            ##......     6%          2    None
 Throw Flame              Conj/Fire      ##....       6%          2    None
 Confuse                  Hex            ##......     12%         3    None
 Dazzling Spray           Conj/Hex       ##....       12%         3    None
 Inner Flame              Hex/Fire       ##......     12%         3    None
 Tukima's Dance           Hex            ##......     12%         3    None
 Sticky Flame             Conj/Fire      ##......     36%         4    None
 Fireball                 Conj/Fire      ##........   73%         5    ###....
 Metabolic Englaciation   Hex/Ice        ##........   73%         5    ###....
 Summon Forest            Summ/Tloc      ##........   73%         5    ###....
 Hydra Form               Tmut           ######....   10%         6    #####..
 Bolt of Cold             Conj/Ice       ##........   99%         6    #####..
 Death Channel            Necr           ##........   99%         6    #####..
 Freezing Cloud           Conj/Ice/Air   ##........   99%         6    #####..
 Ozocubu's Refrigeration  Ice            ##........   99%         6    #####..
 Simulacrum               Ice/Necr       ##........   99%         6    #####..
 Malign Gateway           Summ/Tloc      ##........   100%        7    ######.
 Monstrous Menagerie      Summ           ##........   100%        7    ######.
 Summon Greater Demon     Summ           ##........   100%        7    ######.
 Summon Hydra             Summ           ##........   100%        7    ######.
 Summon Horrible Things   Summ           ##........   100%        8    #######


Dungeon Overview and Level Annotations

Branches:
Dungeon (15/15)            Temple (1/1) D:5            Lair (6/6) D:10
  Swamp (1/4) Lair:2        Snake (2/4) Lair:4        Slime (0/5) Lair:6
    Orc (2/2) D:9             Elf (1/3) Orc:2        Vaults (0/5) D:13
 Depths (0/5) D:15

Altars:
Ashenzari
Cheibriados
Dithmenos
Elyvilon
Fedhas
Gozag
Hepliaklqana
Kikubaaqudgha
Makhleb
Nemelex Xobeh
Okawaru
Qazlal
Ru
Sif Muna
Trog
Uskayaw
Vehumet
Wu Jian
Xom
Yredelemnul
Zin
The Shining One
Jiyva

Shops:
D:7 *   D:11 *[[   Orc:2 }[([

Annotations:
D:5 1 exclusion


Innate Abilities, Weirdness & Mutations

You cannot wear armour.
You are incapable of wielding weapons or throwing items.
Your paws allow you to move quietly. (Stealth)
You have sharp claws.
You have razor-sharp teeth.
You have supernaturally acute eyesight. (SInv)
You are carnivorous and can eat meat at any time.
You cover ground quickly.
Your thick and shaggy fur keeps you warm. (AC +3, rC+)
You have a slow metabolism.
Your sharp claws are effective at attacking unaware monsters.


Message History

There are monsters nearby!
Casting: Petrify (safe; 1% risk of failure)
Confirm with . or Enter, or press ? or * to list all spells.
You don't have enough magic to cast that spell.
Casting: Petrify (safe; 1% risk of failure)
Confirm with . or Enter, or press ? or * to list all spells.
Aiming: Sandblast (safe; 1% risk of failure)
Press: ? - help, Shift-Dir - straight line, f - naga
Aim: a naga, wielding a +0 hand axe (almost dead, catching its breath, umbra)
The blast of sand hits the naga.
You kill the naga!
Dithmenos accepts your kill.
Your Dodging skill increases to level 16!
v - 322 stones You feel sick.
The naga warrior spits poison at you. The splash of poison misses you.
Casting: Sandblast (safe; 1% risk of failure)
Confirm with . or Enter, or press ? or * to list all spells.
You don't have enough magic to cast that spell.
Casting: Sandblast (safe; 1% risk of failure)
Confirm with . or Enter, or press ? or * to list all spells.
You don't have enough magic to cast that spell.
Unknown command.
Casting: Sandblast (safe; 1% risk of failure)
Confirm with . or Enter, or press ? or * to list all spells.
You don't have enough magic to cast that spell.
Casting: Sandblast (safe; 1% risk of failure)
Confirm with . or Enter, or press ? or * to list all spells.
You don't have enough magic to cast that spell.
Really quaff
i - 10 potions of curing {!q}?
You feel better.
Unknown command.
Casting: Sandblast (safe; 1% risk of failure)
Confirm with . or Enter, or press ? or * to list all spells.
Aiming: Sandblast (safe; 1% risk of failure)
Press: ? - help, Shift-Dir - straight line, f - naga warrior
Aim: a naga warrior, wielding a +0 battleaxe and wearing a +0 robe (black The blast of sand hits the naga warrior.
The naga warrior is heavily wounded.
v - 321 stones
Casting: Sandblast (safe; 1% risk of failure)
Confirm with . or Enter, or press ? or * to list all spells.
You don't have enough magic to cast that spell.
Casting: Sandblast (safe; 1% risk of failure)
Confirm with . or Enter, or press ? or * to list all spells.
You don't have enough magic to cast that spell.
Casting: Sandblast (safe; 1% risk of failure)
Confirm with . or Enter, or press ? or * to list all spells.
You don't have enough magic to cast that spell.
Casting: Sandblast (safe; 1% risk of failure)
Confirm with . or Enter, or press ? or * to list all spells.
You don't have enough magic to cast that spell.
You scratch the naga warrior.
The naga warrior is heavily wounded.
The naga warrior completely misses you. The naga warrior grabs you.
* * * LOW HITPOINT WARNING * * *
You emit a cloud of dark smoke.
The naga warrior constricts you.
You scratch the naga warrior.
The naga warrior is heavily wounded.
You scratch the naga warrior.
The naga warrior is heavily wounded.
The naga warrior closely misses you.
You die...

#.(...[.(.#(......
#####...#[#..)....
>.######[........ ....#
#.(......(#
....##.(.......#
#...##(......## #
#...##..)...# .. #####
#...##(.##.#
...###§@§###...###.##...
^....§§§N§)§.....).##...
....⌠.§§§§§.....⌠#......
.........).......'.#...#
...###...###...####.....
...# #######...# .....
#...# ##...## .....
#...#####...## ##.#.
#....⌠....## .#


You could see a naga warrior.

Vanquished Creatures
  Kirke (D:12)
  A dire elephant (Lair:6)
  A minotaur (Gauntlet)
  Snorg (Lair:3)
  3 ice dragons
  2 naga warriors (Snake:1)
  3 hydras
  6 centaur warriors
  A shambling mangrove (Swamp:1)
  2 catoblepae
  28 death yaks
  A deep troll shaman (Lair:6)
  4 anacondas
  A dancing weapon (Elf:1)
  5 ogre magi
  A death scarab (Gauntlet)
  24 two-headed ogres
  A shock serpent (Snake:2)
  An orc high priest (Orc:1)
  8 naga sharpshooters
  A spriggan (Lair:2)
  3 deep elf knights
  A salamander mystic (Snake:2)
  11 skeletal warriors
  5 unseen horrors
  A flayed ghost (D:15)
  An obsidian statue (D:12)
  A naga ritualist (Snake:2)
  A swamp dragon (Lair:5)
  A deep elf archer (Elf:1)
  2 lindwurms (Volcano)
  A spectral hydra (Gauntlet)
  Pikel (D:7)
  5 deep elf magi
  A necromancer (D:15)
  An orc knight (Orc:1)
  8 ugly things
  6 mana vipers
  2 orc sorcerers (Orc:1)
  5 cyclopes
  A frost giant zombie (D:15)
  4 oklob plants (Lair:4)
  8 salamanders
  A stone giant zombie (D:15)
  A fire giant skeleton (D:15)
  2 manticores
  A worldbinder (Gauntlet)
  Maurice (Orc:1)
  5 centaur zombies
  13 elephants
  2 guardian serpents
  A moth of wrath (D:7)
  A guardian serpent (shapeshifter) (D:13)
  Psyche (D:12)
  2 ice statues (IceCv)
  4 naga magi
  4 molten gargoyles (Volcano)
  14 black mambas
  2 gargoyles
  13 spiny frogs
  2 kobold demonologists (D:13)
  7 rime drakes
  5 yaktaurs (D:13)
  2 efreet (Volcano)
  7 komodo dragons
  A tengu conjurer (D:14)
  A guardian mummy (D:14)
  7 trolls
  3 meliai (D:15)
  Grinder (D:5)
  2 tyrant leeches (Lair:2)
  A hornet (Lair:2)
  A harpy skeleton (D:14)
  9 blink frogs
  An ettin zombie (D:15)
  11 slime creatures
  14 hippogriffs
  12 wyverns
  7 shadows
  26 yaks
  A tarantella (shapeshifter) (D:13)
  11 basilisks
  4 wraiths
  A hog (D:12)
  8 vampire mosquitoes
  2 hungry ghosts
  Menkaure (D:5)
  15 nagas
  A redback simulacrum (D:14)
  A swamp worm (Lair:2)
  6 insubstantial wisps
  2 soldier ants (D:12)
  6 water moccasins
  Duvessa (D:5)
  An acid dragon (D:12)
  4 wargs
  4 porcupines
  Purgy (Sewer)
  2 black bears
  19 orc warriors
  16 ice beasts
  4 slaves (D:7)
  2 phantoms
  3 boggarts (Gauntlet)
  A necrophage (D:11)
  19 wolves
  19 centaurs
  35 ogres
  17 crocodiles
  5 big kobolds
  2 earth elementals (Volcano)
  11 bullfrogs
  A gnoll sergeant (D:9)
  A water moccasin zombie (D:8)
  A wyvern skeleton (D:13)
  2 scorpions
  Dowan (D:5)
  10 killer bees
  5 wights (D:9)
  6 howler monkeys
  7 crimson imps
  A bullfrog zombie (D:12)
  9 jellies
  21 orc wizards
  8 orc priests
  4 hounds
  An iron imp (D:7)
  5 centaur skeletons
  2 bullfrog skeletons
  3 iguanas
  Terence (D:2)
  10 worker ants
  3 hell rats
  2 hound zombies
  A hound skeleton (D:9)
  A worker ant zombie (D:6)
  A howler monkey skeleton (D:6)
  3 gnolls (D:9)
  11 adders
  13 river rats
  A shadow imp (D:6)
  6 oozes
  2 adder skeletons (D:5)
  An adder zombie (D:6)
  7 worms
  4 dart slugs
  10 leopard geckos
  66 orcs
  2 ball pythons (D:1)
  9 giant cockroaches
  12 goblins
  7 hobgoblins
  27 kobolds
  6 quokkas
  14 bats
  8 frilled lizards
  A goblin zombie (D:7)
  2 hobgoblin zombies (D:7)
  A kobold skeleton (D:7)
  3 kobold zombies (D:7)
  2 leopard gecko skeletons
  An orc skeleton (D:7)
  16 rats
  3 fire vortices
  4 fungi
  3 plants
931 creatures vanquished.

Vanquished Creatures (collateral kills)
  A spiny frog (Lair:2)
  A porcupine (Lair:2)
  A crocodile (Lair:2)
  A killer bee (D:12)
4 creatures vanquished.

Vanquished Creatures (others)
  4 humans (D:12)
  A centaur (D:7)
  2 killer bees
  An orc wizard (D:15)
  A leopard gecko (D:7)
  An orc (D:12)
  4 bushes (Lair:6)
  20 fungi
  20 plants
  A withered plant (Gauntlet)
55 creatures vanquished.

Grand Total: 990 creatures vanquished

Notes
Turn   | Place    | Note
-------+----------+-------------------------------------------
     0 | D:1      | Amnesiac the Felid Earth Elementalist began the quest for
                  | the Orb.
     0 | D:1      | Reached XP level 1. HP: 7/7 MP: 4/4
   166 | D:1      | Reached XP level 2. HP: 11/11 MP: 6/6
   170 | D:1      | Learned a level 2 spell: Passwall
   911 | D:1      | Reached XP level 3. HP: 8/14 MP: 1/8
  1782 | D:2      | Noticed Terence
  1870 | D:2      | Reached XP level 4. HP: 17/18 MP: 5/9
  2131 | D:2      | Found a shimmering altar of Xom.
  2134 | D:2      | Found a shimmering altar of Xom.
  2289 | D:2      | Found a shimmering altar of Xom.
  2421 | D:2      | Found a shimmering altar of Xom.
  2561 | D:2      | Reached skill level 1 in Unarmed Combat
  2919 | D:3      | Reached XP level 5. HP: 6/21 MP: 7/11
  3152 | D:3      | Learned a level 4 spell: Petrify
  3195 | D:3      | Noticed a two-headed ogre
  3554 | D:3      | Killed a two-headed ogre
  3554 | D:3      | Reached skill level 5 in Spellcasting
  3554 | D:3      | Reached skill level 5 in Earth Magic
  3554 | D:3      | Gained mutation: You are covered in thick fur. (AC +2)
                  | [Felid growth]
  3554 | D:3      | Reached XP level 6. HP: 8/24 MP: 5/15
  3554 | D:3      | Reached XP level 7. HP: 9/27 MP: 5/16
  4156 | D:4      | Reached skill level 5 in Dodging
  4457 | D:4      | Learned a level 5 spell: Lee's Rapid Deconstruction
  5116 | D:5      | Entered Level 5 of the Dungeon
  5130 | D:5      | Found a glowing silver altar of Zin.
  5135 | D:5      | Reached skill level 1 in Fighting
  5135 | D:5      | Reached XP level 8. HP: 25/32 MP: 12/17
  5158 | D:5      | Noticed an angel
  5254 | D:5      | Noticed Grinder
  5257 | D:5      | Noticed Duvessa
  5263 | D:5      | Noticed Dowan
  5281 | D:5      | Killed Dowan
  5328 | D:5      | Killed Duvessa
  5335 | D:5      | Killed Grinder
  5514 | D:5      | Learned a level 3 spell: Stone Arrow
  5572 | D:5      | Found a staircase to the Ecumenical Temple.
  5629 | D:5      | Found a shimmering altar of Xom.
  5651 | D:5      | Found a sparkling altar of Nemelex Xobeh.
  5703 | D:5      | Noticed Menkaure
  5710 | D:5      | Killed Menkaure
  5712 | D:5      | Found a deep blue altar of Sif Muna.
  5820 | D:5      | Found a stormy altar of Qazlal.
  5898 | D:6      | Found a glowing drain.
  6234 | Sewer    | Entered a sewer
  6301 | Sewer    | Noticed Purgy
  6315 | Sewer    | Killed Purgy
  6315 | Sewer    | Reached XP level 9. HP: 27/35 MP: 0/21
  6485 | D:6      | Found a sparkling altar of Nemelex Xobeh.
  7348 | D:7      | Noticed Pikel
  7351 | D:7      | Killed Pikel
  7521 | D:7      | Found Ycackov's Assorted Antiques.
  7528 | D:7      | Bought a scroll labeled KON HURIT XURU for 30 gold pieces
  7528 | D:7      | Bought a scroll labeled TUTUIR ELYZ for 30 gold pieces
  7590 | D:7      | Noticed a moth of wrath
  7593 | D:7      | Found a bloodstained altar of Trog.
  7598 | D:7      | Killed a moth of wrath
  7910 | D:7      | Found a glowing golden altar of the Shining One.
  8239 | Temple   | Entered the Ecumenical Temple
  8264 | Temple   | Became a worshipper of Dithmenos the Shadowed
  8420 | D:2      | Killed Terence
  8587 | D:8      | Reached XP level 10. HP: 39/39 MP: 18/24
  8903 | D:8      | Found a basalt altar of Yredelemnul.
  9380 | D:8      | Found a blossoming altar of Fedhas.
  9383 | D:8      | Found a radiant altar of Vehumet.
  9386 | D:8      | Found a shattered altar of Ashenzari.
  9390 | D:8      | Found an iron altar of Okawaru.
  9391 | D:8      | Found a hazy altar of Hepliaklqana.
  9472 | D:9      | Noticed a manticore
  9790 | D:9      | Noticed a two-headed ogre
  9797 | D:9      | Killed a two-headed ogre
  9797 | D:9      | Reached skill level 10 in Spellcasting
  9797 | D:9      | Reached skill level 10 in Earth Magic
  9836 | D:9      | Reached * piety under Dithmenos
  9842 | D:9      | Killed a manticore
 11027 | D:9      | Found a staircase to the Orcish Mines.
 11421 | D:10     | Entered Level 10 of the Dungeon
 11456 | D:10     | Reached ** piety under Dithmenos
 11460 | D:10     | Reached XP level 11. HP: 42/46 MP: 6/26
 11597 | D:10     | Noticed a death yak
 11600 | D:10     | Noticed a death yak
 11605 | D:10     | Noticed a death yak
 11678 | D:9      | Killed a death yak
 11678 | D:9      | Reached skill level 5 in Fighting
 12344 | D:10     | Killed a death yak
 12613 | D:10     | Killed a death yak
 12870 | D:10     | Found a staircase to the Lair.
 13008 | Lair:1   | Entered Level 1 of the Lair of Beasts
 13240 | Lair:1   | Found a glowing silver altar of Zin.
 13256 | Lair:1   | Found a frozen archway.
 13373 | IceCv    | Entered an ice cave
 13429 | IceCv    | Reached *** piety under Dithmenos
 14004 | IceCv    | Noticed an ice dragon
 14094 | IceCv    | Noticed an ice dragon
 14203 | IceCv    | Killed an ice dragon
 14925 | IceCv    | Killed an ice dragon
 14925 | IceCv    | Reached skill level 10 in Dodging
 15270 | Lair:1   | Gained mutation: Your thick and shaggy fur keeps you warm.
                  | (AC +3, rC+) [Felid growth]
 15270 | Lair:1   | Reached XP level 12. HP: 57/57 MP: 27/27
 16192 | Lair:2   | Reached skill level 10 in Fighting
 16415 | Lair:2   | Found a gate leading to a gauntlet.
 16424 | Gauntlet | Entered a Gauntlet
 16424 | Gauntlet | Found a transporter.
 16424 | Gauntlet | Found a transporter.
 16424 | Gauntlet | Found a runed door.
 16425 | Gauntlet | Found a runed door.
 16426 | Gauntlet | Found a transporter.
 16426 | Gauntlet | Found a transporter.
 16430 | Gauntlet | Found a transporter.
 16430 | Gauntlet | Found a transporter.
 16464 | Gauntlet | Found a transporter.
 16468 | Gauntlet | Found a transporter.
 16471 | Gauntlet | Noticed a death scarab
 16476 | Gauntlet | Found a transporter.
 16492 | Gauntlet | Found a transporter.
 16506 | Gauntlet | Found a transporter.
 16510 | Gauntlet | Found a transporter.
 16579 | Gauntlet | Identified the Almanac of Doomed Poison
 16608 | Gauntlet | Reached skill level 5 in Unarmed Combat
 16792 | Gauntlet | Reached **** piety under Dithmenos
 16792 | Gauntlet | Reached skill level 5 in Stealth
 16793 | Gauntlet | Killed a death scarab
 16892 | Gauntlet | Got a shimmering granite ring
 16935 | Gauntlet | Identified the ring "Zegoufonnu" {rPois Int+5 SInv Stlth+}
                  | (You found it in a Gauntlet)
 16955 | Gauntlet | Identified the +8 short sword of Triumph {drain, Dex+4}
 16955 | Gauntlet | Noticed a minotaur
 16963 | Gauntlet | Killed a minotaur
 17278 | Lair:2   | Found a staircase to the Swamp.
 17975 | Lair:3   | Noticed Snorg
 17987 | Lair:3   | Killed Snorg
 18091 | Lair:3   | Found a dark tunnel.
 18352 | Lair:3   | Noticed an ice dragon
 18366 | Lair:3   | Killed an ice dragon
 18474 | Volcano  | Entered a volcano
 18530 | Volcano  | Reached XP level 13. HP: 37/63 MP: 0/28
 19116 | Volcano  | HP: 1/63 [efreet/fireball (4)]
 20153 | Lair:4   | Found a staircase to the Snake Pit.
 22227 | Lair:4   | Reached skill level 5 in Transmutations
 23045 | Lair:5   | Found a transporter.
 23173 | Lair:5   | Reached ***** piety under Dithmenos
 23743 | Lair:5   | Found a transporter.
 24381 | Lair:5   | Reached XP level 14. HP: 59/70 MP: 17/29
 24448 | Lair:6   | Entered Level 6 of the Lair of Beasts
 25671 | Lair:5   | Learned a level 3 spell: Conjure Flame
 25675 | Lair:5   | Learned a level 2 spell: Sublimation of Blood
 26381 | Lair:6   | Reached skill level 15 in Fighting
 26691 | Lair:6   | Found a viscous altar of Jiyva.
 26691 | Lair:6   | Found a staircase to the Slime Pits.
 28680 | Orc:1    | Entered Level 1 of the Orcish Mines
 28974 | Orc:1    | Noticed Maurice
 29003 | Orc:1    | Killed Maurice
 29355 | Orc:1    | Reached XP level 15. HP: 77/77 MP: 30/30
 29498 | Orc:2    | Entered Level 2 of the Orcish Mines
 29654 | Orc:2    | Reached skill level 10 in Stealth
 29654 | Orc:2    | Reached skill level 10 in Unarmed Combat
 29764 | Orc:2    | Reached ****** piety under Dithmenos
 29842 | Orc:2    | Found a staircase to the Elven Halls.
 31100 | Orc:2    | Found Xinysk Kydai's Weapon Boutique.
 31100 | Orc:2    | Found Zoiqio Huxt's Antique Armour Emporium.
 31101 | Orc:2    | Found Cohaugan's Gadget Shoppe.
 31101 | Orc:2    | Found Jyshromec's Antique Armour Boutique.
 31193 | Orc:2    | Bought a box of beasts for 280 gold pieces
 31193 | Orc:2    | Bought a box of beasts for 280 gold pieces
 31193 | Orc:2    | Bought a sack of spiders for 280 gold pieces
 31193 | Orc:2    | Bought a phantom mirror for 420 gold pieces
 31193 | Orc:2    | Bought a wand of paralysis (6) for 112 gold pieces
 31194 | Orc:2    | Identified a scroll of acquirement {!r}
 31227 | Elf:1    | Entered Level 1 of the Elven Halls
 31433 | Orc:2    | Learned a level 4 spell: Ice Form
 31735 | Swamp:1  | Entered Level 1 of the Swamp
 32257 | D:11     | Found Yheilyit's Armour Shoppe.
 32810 | D:11     | Found Jiboeb's Assorted Antiques.
 33026 | D:11     | Found Ipnus's Antique Armour Emporium.
 33157 | D:12     | Noticed Psyche
 33160 | D:12     | Killed Psyche
 33345 | D:12     | Noticed Kirke
 33359 | D:12     | Killed Kirke
 34915 | D:13     | Reached XP level 16. HP: 78/82 MP: 31/31
 35234 | D:13     | Found a gate to the Vaults.
 37378 | D:14     | Found an opulent altar of Gozag.
 37599 | D:15     | Entered Level 15 of the Dungeon
 37642 | D:15     | Found a staircase to the Depths.
 38658 | D:14     | Learned a level 3 spell: Mephitic Cloud
 38661 | D:14     | Learned a level 2 spell: Blink
 39567 | Snake:1  | Entered Level 1 of the Snake Pit
 40732 | Snake:1  | Reached skill level 10 in Transmutations
 40871 | Snake:1  | Reached skill level 15 in Dodging
 41382 | Snake:2  | Reached XP level 17. HP: 87/87 MP: 32/32
 41463 | Snake:2  | Mangled by a black mamba
 41464 | Snake:2  | Reached XP level 16. HP: -6/83 MP: 0/40
 41523 | Snake:2  | HP: 1/83 [naga sharpshooter/bolt (21)]
 42007 | Snake:2  | Mangled by a salamander
 42008 | Snake:2  | Reached XP level 15. HP: -6/94 MP: 0/39
 42228 | Snake:2  | HP: 2/79 [naga/+0 hand axe (4)]
 42237 | Snake:2  | Slain by a naga warrior

Vault maps used:
D:1:      zelgadis_glass_arrival_large
D:2:      xom_redecorated, uniq_terence
D:4:      first_ration
D:5:      grunt_temple_overflow_order_and_chaos_1,
          lemuel_coloured_pillars_altar, nicolae_qazlal_general_emergency,
          led_sif_book, temple_green, kennysheep_generic_room_11, uniq_menkaure,
          uniq_duvessa, uniq_grinder
D:6:      portal_sewer_entry_a, nemelex_spade_bored_becter
D:7:      nicolae_tso_besieged_by_evil, serial_shops, shop, tgw_trog, uniq_pikel
D:8:      minitemple, old_standard_altar, nrook_campfire
D:9:      orc_0_dummy
D:10:     dpeg_lair_monsters, hangedman_little_slice_of_home,
          basic_loot_grate_trap
D:11:     serial_shops, kennysheep_little_box,
          nicolae_shop_temple_entry_statues_fountains, nicolae_shop_trees
D:12:     minmay_protected_statue, uniq_psyche, uniq_kirke
D:13:     hangedman_vaults_entry_quadrant_bands, hangedman_corner_corridor
D:14:     minmay_splitting_lines, nicolae_gozag_seed_capital
D:15:     gammafunk_depths_entry_grave, chequers_mini_garden, serial_rivers,
          chequers_serial_rivers_room_a, chequers_serial_rivers_room_a,
          chequers_serial_rivers_large_a, chequers_serial_rivers_room_b
Temple:   eino_temple_lava
Lair:1:   portal_ice_cave_entry_pillars_2, basic_altar, minivault_25,
          beast_lair_carwin_6
Lair:2:   minmay_swamp_entry_worms, gauntlet_entry_generic, minivault_19
Lair:3:   dragon1_lemuel, nicolae_volcano_entry_s_turn, grunt_megastairs_3,
          uniq_snorg
Lair:4:   minmay_snake_entry_spellcaster, serial_bayou_shore_a,
          minmay_lair_oklob_chamber, lemuel_fruit_tree
Lair:5:   gammafunk_cloud_chamber, chequers_serial_rivers_small_a, st_stairs_3
Lair:6:   grunt_lair_end_beastmaster, dpeg_slime_entry_enclosed_altar,
          kennysheep_rathole
Swamp:1:  evilmike_swamp_ruin_rubble_2, infiniplex_staircase_pool,
          uniq_josephine
Snake:2:  serial_bayou_shore_b, grunt_megastairs_5
Orc:1:    guppyfry_library_mini, uniq_maurice
Orc:2:    st_orc_ogre_mass
Elf:1:    minmay_the_grid_triangle_9x9_recursive_2_mashed, serial_shops, shop,
          hangedman_elf_represent, grunt_ministairs_15
Sewer:    sewer_big_baddie
IceCv:    ice_cave_small_dragons
Volcano:  volcano_aerie
Gauntlet: minmay_gauntlet_77_indecision

Skill      XL: |  1  2  3  4  5  6  7  8  9 10 11 12 13 14 15 16 |
---------------+-------------------------------------------------+-----
Earth Magic    | 3 5 7 9 10 | 10.0
Spellcasting   | 3 5 7 9 10 | 10.0
Transmutations | 2 5 6 10 | 10.0
Stealth        | 3 6 8 9 11 13 | 13.1
Unarmed Combat | 1 3 7 8 9 11 13 | 13.1
Dodging        | 4 5 7 10 11 13 16 15 | 16.0
Fighting       | 1 4 9 11 13 15 16 | 16.6

Action                   |  1- 3 |  4- 6 |  7- 9 | 10-12 | 13-15 | 16-18 || total
-------------------------+-------+-------+-------+-------+-------+-------++-------
Melee: Unarmed           |   120 |    84 |   242 |   349 |   754 |   299 ||  1848
       Bite              |     8 |     8 |    24 |    33 |    92 |    26 ||   191
       Punch             |       |       |     2 |    10 |    37 |    11 ||    60
 Cast: Sandblast         |    29 |    59 |    48 |    48 |   116 |    15 ||   315
       Passwall          |     1 |     2 |       |     6 |    16 |     9 ||    34
       Lee's Rapid Decon |       |       |    35 |   149 |   169 |   118 ||   471
       Petrify           |       |       |    11 |    59 |   355 |   105 ||   530
       Stone Arrow       |       |       |    11 |    30 |     1 |       ||    42
       Ice Form          |       |       |       |       |     3 |     5 ||     8
 Abil: End Transformatio |       |       |       |       |     2 |     1 ||     3
Evoke: Wand              |       |     2 |    11 |    14 |     6 |       ||    33
       Phial of floods   |       |       |       |     1 |     1 |       ||     2
       Lightning rod     |       |       |       |       |    10 |     3 ||    13
       Box of beasts     |       |       |       |       |     1 |       ||     1
       Lamp of fire      |       |       |       |       |       |     1 ||     1
  Use: Potion            |       |       |     7 |    10 |     6 |     1 ||    24
       Scroll            |       |       |    11 |    11 |     8 |     2 ||    32
 Stab: Sleeping          |    12 |     3 |    11 |     8 |    48 |    14 ||    96
       Petrified         |       |       |    58 |   160 |   209 |    67 ||   494
       Petrifying        |       |       |     2 |    16 |    56 |    33 ||   107
       Confused          |       |       |       |     2 |       |       ||     2
       Distracted        |       |       |       |     1 |       |     4 ||     5
  Eat: Chunk             |     9 |     4 |    19 |    48 |    66 |    21 ||   167
Armor: Skin              |    17 |     6 |    19 |    34 |     8 |     8 ||    92
Dodge: Dodged            |   104 |    84 |   237 |   410 |   833 |   370 ||  2038

Table legend:
 A = Non-vault XP
 B = Vault XP
 C = Vault XP percentage of total XP
 D = Non-vault monster count
 E = Vault monster count
 F = Vault count percentage of total count
                 A         B        C        D         E       F
            +---------+---------+-------+---------+---------+-------
      Total |  144122 |   85568 |  37.3 |     651 |     271 |  29.4
            +---------+---------+-------+---------+---------+-------
        D:1 |      47 |       0 |   0.0 |      26 |       0 |   0.0
        D:2 |     105 |      36 |  25.5 |      25 |       1 |   3.8
        D:3 |     985 |       0 |   0.0 |      36 |       0 |   0.0
        D:4 |     166 |       0 |   0.0 |      16 |       0 |   0.0
        D:5 |     295 |     753 |  71.9 |       6 |       6 |  50.0
        D:6 |     757 |      37 |   4.7 |      22 |       7 |  24.1
        D:7 |     959 |    1148 |  54.5 |      11 |      16 |  59.3
        D:8 |     445 |       0 |   0.0 |      10 |       0 |   0.0
        D:9 |    4990 |     904 |  15.3 |      55 |       1 |   1.8
       D:10 |     645 |    2110 |  76.6 |      14 |      18 |  56.2
       D:11 |    4528 |       0 |   0.0 |      41 |       0 |   0.0
       D:12 |    7033 |    3528 |  33.4 |      41 |       4 |   8.9
       D:13 |   13075 |    9323 |  41.6 |      34 |      22 |  39.3
       D:14 |   12389 |     325 |   2.6 |      34 |       1 |   2.9
       D:15 |   12566 |    4065 |  24.4 |      43 |       7 |  14.0
     Lair:1 |    3371 |    1569 |  31.8 |      17 |       8 |  32.0
     Lair:2 |    6044 |     567 |   8.6 |      26 |       4 |  13.3
     Lair:3 |    2938 |    2227 |  43.1 |       6 |       3 |  33.3
     Lair:4 |    4061 |   10899 |  72.9 |      12 |      36 |  75.0
     Lair:5 |   12860 |    2431 |  15.9 |      24 |       8 |  25.0
     Lair:6 |   15302 |    8745 |  36.4 |      45 |      24 |  34.8
    Swamp:1 |    1424 |       0 |   0.0 |       4 |       0 |   0.0
    Snake:1 |   15233 |       0 |   0.0 |      28 |       0 |   0.0
    Snake:2 |   13975 |    1478 |   9.6 |      24 |       8 |  25.0
      Orc:1 |    5015 |    1227 |  19.7 |      30 |       8 |  21.1
      Orc:2 |    1828 |   18641 |  91.1 |      17 |      38 |  69.1
      Elf:1 |    3086 |    1274 |  29.2 |       4 |       2 |  33.3
      Sewer |       0 |     148 | 100.0 |       0 |       6 | 100.0
      IceCv |       0 |    5512 | 100.0 |       0 |      20 | 100.0
    Volcano |       0 |    3758 | 100.0 |       0 |      10 | 100.0
   Gauntlet |       0 |    4863 | 100.0 |       0 |      13 | 100.0
            +---------+---------+-------+---------+---------+-------
